 Dungeon Crawl Stone Soup version 0.20-a0-924-gfa95efa (webtiles) character file.

37 Rrauwl the Grasshopper (level 3, -7/28 HPs)
             Began as a Barachi Warper on Mar 27, 2017.
             Mangled by Sigmund
             ... wielding a +0 scythe
              (13 damage)
             ... on level 2 of the Dungeon.
             The game lasted 00:03:43 (1465 turns).

Rrauwl the Grasshopper (Barachi Warper)             Turns: 1465, Time: 00:03:44

Health: -7/28      AC:  3    Str: 12    XL:     3   Next: 41%
Magic:  7/7        EV:  7    Int: 13    God:
Gold:   104        SH: 10    Dex: 12    Spells: 7/7 levels left

rFire    . . .     SeeInvis .   a - +0 falchion
rCold    . . .     Gourm    .   l - +0 large shield
rNeg     . . .     Faith    .   b - +0 leather armour
rPois    .         Spirit   .   (no helmet)
rElec    .         Reflect  .   (no cloak)
rCorr    .         Harm     .   (no gloves)
MR       .....                  (no boots)
Stlth    +.........             (no amulet)
Regen    0.1/turn               (no ring)
MPRegen  0.1/turn               (no ring)

@: very slightly contaminated, hasted, quick
A: +LOS, swims, slowness 1, strong legs 1
a: Hop


You were on level 2 of the Dungeon.
You were not hungry.

You visited 1 branch of the dungeon, and saw 2 of its levels.

You collected 104 gold pieces.

Inventory:

Hand Weapons
 a - a +0 falchion (weapon)
Missiles
 e - 5 tomahawks of dispersal (quivered)
Armour
 b - a +0 leather armour (worn)
 l - a +0 large shield (worn)
Scrolls
 d - a scroll of blinking
 k - a scroll of teleportation
Potions
 h - 2 potions of heal wounds
Books
 c - a book of Spatial Translocations

   Spells                             Type                      Level
   a - Blink                          Translocation                2
   b - Shroud of Golubria             Charms/Translocation         2
   c - Lesser Beckoning               Translocation                3
   d - Gell's Gravitas                Translocation                3
   e - Teleport Other                 Translocation                3
   f - Passage of Golubria            Translocation                4
Comestibles
 f - 2 bread rations
 j - a meat ration
 m - a chunk of flesh


   Skills:
 + Level 2.8 Fighting
 + Level 3.1 Long Blades
 - Level 1.1 Throwing
 + Level 1.7 Armour
 + Level 2.4 Dodging
 + Level 2.7 Spellcasting
   Level 3.2 Translocations


You had 7 spell levels left.
You didn't know any spells.

Dungeon Overview and Level Annotations

Branches:
Dungeon (2/15)

Altars:

Annotations:
D:2 Sigmund


Innate Abilities, Weirdness & Mutations

Shadows flee at your approach. (+LOS)
You can swim through water.
You cover ground slowly.
You can hop short distances.


Message History

You hit Sigmund.
Sigmund is lightly wounded.
You hit Sigmund.
Sigmund is moderately wounded.
Sigmund hits you with a scythe!
You hit Sigmund but do no damage.
Sigmund is moderately wounded.
You hit Sigmund but do no damage.
Sigmund is moderately wounded.
Sigmund hits you but does no damage.
You hit Sigmund but do no damage.
Sigmund is moderately wounded.
You hit Sigmund.
Sigmund is heavily wounded.
Sigmund hits you with a scythe.
* * * LOW HITPOINT WARNING * * *
You hit Sigmund but do no damage.
Sigmund is heavily wounded.
Sigmund hits you with a scythe!
You die...

..#....####.####
######..........
..#....####.###. #.#.####
#.## ....# ..# #...####
... #......# #.# #
#.#.##.# #@# .######
....##.#########@##......
.......##..........?.#
...##...#.#####.#.##.#
...#...........###...#
####.#....#####.#.####
###.###.## #.##
.....<....######.#######
.######.#.##.............
#.#........########


You could see Sigmund.

Vanquished Creatures
  A dart slug (D:1)
  2 bats (D:1)
  A giant cockroach (D:1)
  5 goblins (D:1)
  5 hobgoblins
  7 jackals
  3 kobolds (D:1)
  7 rats
31 creatures vanquished.

Notes
Turn   | Place    | Note
-------+----------+-------------------------------------------
     0 | D:1      | Rrauwl the Barachi Warper began the quest for the Orb.
     0 | D:1      | Reached XP level 1. HP: 17/17 MP: 3/3
   316 | D:1      | Reached XP level 2. HP: 20/23 MP: 3/5
   704 | D:1      | Reached XP level 3. HP: 6/28 MP: 7/7
  1449 | D:2      | Noticed Sigmund
  1465 | D:2      | Mangled by Sigmund

Vault maps used:
D:1:      dpeg_arrival_court, due_unseen_surprise
D:2:      lemuel_round_altar, first_bread, uniq_sigmund

Skill      XL: |  1  2  3 |
---------------+----------+-----
Long Blades    | 3 |  3.1
Fighting       | |  2.8
Throwing       | |  1.1
Armour         | |  1.7
Dodging        | |  2.4
Spellcasting   | |  2.7
Translocations | |  3.2

Action                   || total
-------------------------++-------
Melee: Falchion          ||   129
 Abil: Hop               ||     2
  Use: Potion            ||     3
       Scroll            ||     1
  Eat: Chunk             ||     2
Armor: Leather armour    ||    28
Dodge: Dodged            ||    76
Block: Large shield      ||    12
       Rpst.: Falchion   ||    17
